AoeStats
← nnvtn

Arabia

510514600Analyzed
1v1 RM · 1d ago on Oct 1, 2026· 70m 25s· 2 players
Game mode
Random Map
Map size
Tiny (2 player)
Population
200
Speed
Normal
Resources
Standard
Victory
Conquest
Starting age
Dark Age
Ending age
Imperial Age
RankedLock teamsTeams togetherTeam positionsShared explorationLock speedFull tech treeHidden civsTurbo modeCheats
Victory
Defeat
🇹🇷 Saracens · Türkiye
981
+18
🇨🇳 Franks · China
1016
-18
nnvtn
9:18 Loom
9:35 Loom
11:32 Feudal Age
13:25 Wheelbarrow
12:33 Horse Collar
12:39 Double-Bit Axe
21:28 Castle Age
20:04 Gold Mining
22:28 Heavy Plow
22:40 Bow Saw
24:36 Gold Shaft Mining
23:55 Stone Mining
25:16 Fletching
25:33 Scale Barding Armor
26:34 Crossbowman
32:27 Forging
34:53 Chain Barding Armor
39:46 Imperial Age
37:32 Hand Cart
37:03 Town Watch
38:59 Iron Casting
39:38 Bodkin Arrow
43:20 Plate Barding Armor
43:45 Blast Furnace
44:50 Bracer
44:52 Elite Mameluke
45:51 Crossbowman
47:46 Padded Archer Armor
48:10 Redemption
49:28 Conscription
49:19 Counterweights
49:45 Hoardings
49:50 Thumb Ring
49:06 Arbalester
51:51 Chemistry
51:18 Ballistics
53:04 Leather Archer Armor
64:42 Bloodlines
64:32 Husbandry
64:38 Light Cavalry
65:27 Hussar
sxfqx
7:17 Loom
10:02 Feudal Age
10:32 Double-Bit Axe
15:45 Wheelbarrow
20:28 Castle Age
19:51 Forging
20:21 Scale Barding Armor
20:10 Gold Mining
21:38 Chain Barding Armor
22:08 Fletching
23:11 Padded Archer Armor
24:19 Husbandry
26:45 Bodkin Arrow
28:19 Town Watch
32:20 Imperial Age
30:38 Gold Shaft Mining
29:53 Stone Mining
30:44 Gold Shaft Mining
31:21 Bow Saw
31:55 Hand Cart
32:59 Iron Casting
32:23 Cavalier
34:08 Plate Barding Armor
35:16 Chemistry
34:37 Ballistics
37:27 Blast Furnace
38:20 Leather Archer Armor
41:22 Conscription
40:54 Light Cavalry
42:27 Scale Mail Armor
41:57 Pikeman
42:38 Squires
42:24 Arson
42:32 Halberdier
45:19 Paladin
55:36 Chain Mail Armor
56:06 Elite Skirmisher
57:45 Plate Mail Armor
67:01 Siege Engineers
Connection lost

Rejoining the realm…

Still unreachable

The connection could not be restored.

Session expired

The server has moved on; the page needs a fresh start.